[Event "Early-Titled-Tuesday-Blitz-February-20-2024"]
[Site "Chess.com"]
[Date "2024.02.20"]
[Round "10"]
[White "cristiano78"]
[Black "ProChessWICTH"]
[Result "0-1"]
[WhiteElo "2263"]
[BlackElo "2472"]
[TimeControl "180+1"]
[EndTime "9:55:34 PST"]
[Termination "ProChessWICTH won by resignation"]

1. d4 Nf6 2. c4 c5 3. d5 e6 4. Nc3 exd5 5. cxd5 d6 6. Nf3 g6 7. h3 Bg7 8. e4 O-O 9. Bd3 Na6 10. a3 Nc7 11. O-O Rb8 12. a4 b6 13. Re1 Re8 14. Bf4 a6 15. Rc1 b5 16. axb5 axb5 17. b4 c4 18. Bb1 Bb7 19. Nd4 Qd7 20. f3 Nfxd5 21. Ndxb5 Nxf4 22. Qxd6 Qxd6 23. Nxd6 Red8 24. Nxb7 Rxb7 25. Na4 Rxb4 26. Nc5 Bd4+ 27. Kh2 Bxc5 0-1

[Event "Early-Titled-Tuesday-Blitz-February-20-2024"]
[Site "Chess.com"]
[Date "2024.02.20"]
[Round "10"]
[White "Rud_Makarian"]
[Black "JonaszBaum"]
[Result "0-1"]
[WhiteElo "3056"]
[BlackElo "2737"]
[TimeControl "180+1"]
[EndTime "9:55:40 PST"]
[Termination "JonaszBaum won by resignation"]

1. d4 e6 2. Nf3 d5 3. c4 Nf6 4. g3 dxc4 5. Bg2 a6 6. O-O Nc6 7. e3 Rb8 8. Nfd2 e5 9. Bxc6+ bxc6 10. dxe5 Nd5 11. e4 Nb4 12. Nxc4 Qxd1 13. Rxd1 Nc2 14. b3 Nxa1 15. Nba3 Bg4 16. Rd3 Be2 17. Rd2 Bf3 18. Bb2 Nxb3 19. Rd3 Bxe4 20. Rxb3 Rxb3 21. axb3 Bd5 22. f4 Bxa3 23. Nxa3 Bxb3 24. Kf2 Kd7 25. Bd4 Rb8 26. f5 Bd5 27. Nc2 c5 28. Ba1 Rb1 29. Ke3 Bb3 0-1

[Event "Early-Titled-Tuesday-Blitz-February-20-2024"]
[Site "Chess.com"]
[Date "2024.02.20"]
[Round "10"]
[White "BilicVladimir"]
[Black "TimAina"]
[Result "0-1"]
[WhiteElo "2642"]
[BlackElo "2793"]
[TimeControl "180+1"]
[EndTime "9:55:51 PST"]
[Termination "TimAina won by resignation"]

1. e4 c5 2. Nf3 d6 3. Bb5+ Nd7 4. O-O a6 5. Bd3 Ngf6 6. c4 e6 7. Nc3 Be7 8. Bc2 O-O 9. d4 cxd4 10. Qxd4 b6 11. b3 Bb7 12. Bb2 Qc7 13. Rfe1 Rfe8 14. Rad1 Bf8 15. e5 dxe5 16. Nxe5 Bc5 17. Qf4 Nxe5 18. Rxe5 Bd6 19. Ne2 Rad8 20. Qg5 h6 21.
Qg3 Bxe5 22. Bxe5 Rxd1+ 23. Bxd1 Qd8 24. Bc2 Be4 25. Qc3 Bxc2 26. Qxc2 Ng4 27. Bd4 e5 28. Bc3 Qh4 29. Ng3 Qxh2+ 30. Kf1 Qxg3 0-1

[Event "Early-Titled-Tuesday-Blitz-February-20-2024"]
[Site "Chess.com"]
[Date "2024.02.20"]
[Round "10"]
[White "AvitalBor"]
[Black "Young_Catalan_Player09"]
[Result "0-1"]
[WhiteElo "2750"]
[BlackElo "2595"]
[TimeControl "180+1"]
[EndTime "9:55:54 PST"]
[Termination "Young_Catalan_Player09 won by checkmate"]

1. a3 d5 2. d4 Nf6 3. b4 Bf5 4. Nd2 e6 5. Nb3 Nbd7 6. Nf3 Bd6 7. Bg5 h6 8. Bh4 c6 9. e3 O-O 10. Bd3 Re8 11. Bxf5 exf5 12. Qd3 f4 13. O-O fxe3 14. fxe3 Qe7 15. Rae1 Qe4 16. Nc5 Bxc5 17. bxc5 b6 18.
Qc3 Re6 19. Bxf6 Nxf6 20. Ne5 Rae8 21. cxb6 axb6 22. Nxc6 Qh4 23. Ne5 Ne4 24. Qc7 Rf6 25.
Rxf6 Qxe1+ 26. Rf1 Qxe3+ 27. Kh1 Nf2+ 28. Kg1 Nh3+ 29.
Kh1 Qg1+ 30. Rxg1 Nf2# 0-1

[Event "Early-Titled-Tuesday-Blitz-February-20-2024"]
[Site "Chess.com"]
[Date "2024.02.20"]
[Round "10"]
[White "GMT4114"]
[Black "Alblooshi_Hamad"]
[Result "0-1"]
[WhiteElo "2034"]
[BlackElo "2178"]
[TimeControl "180+1"]
[EndTime "9:55:56 PST"]
[Termination "Alblooshi_Hamad won by resignation"]

1. e4 e6 2. d4 d5 3. Nc3 Bb4 4. Ne2 dxe4 5. a3 Bxc3+ 6. Nxc3 Nf6 7. Bg5 h6 8. Bh4 g5 9. Bg3 a6 10. h4 g4 11. Be5 Nc6 12. Nxe4 Nxe5 13. Nxf6+ Qxf6 14.
dxe5 Qxe5+ 15. Be2 h5 16. Qd2 Bd7 17. O-O-O O-O-O 18.
Rhe1 Qf6 19. g3 Bc6 20. Qe3 Kb8 21. Bd3 Bf3 22. Rd2 Rd6 23. Be4 Bxe4 24. Qxe4 Rxd2 25. Kxd2 Qxf2+ 26. Re2 Qxg3 0-1

[Event "Early-Titled-Tuesday-Blitz-February-20-2024"]
[Site "Chess.com"]
[Date "2024.02.20"]
[Round "10"]
[White "ninguno46"]
[Black "GelmanAlexander"]
[Result "0-1"]
[WhiteElo "2546"]
[BlackElo "2743"]
[TimeControl "180+1"]
[EndTime "9:56:07 PST"]
[Termination "GelmanAlexander won by resignation"]

1. e4 c5 2. Nc3 e6 3. f4 a6 4. Nf3 d6 5. d3 Nc6 6. Qe2 Nf6 7.
g3 Be7 8. Bg2 Qc7 9. O-O Bd7 10.
e5 dxe5 11. fxe5 Nd5 12. Nxd5 exd5 13. Bf4 Be6 14. c3 h6 15. h4 O-O-O 16. d4 Kb8 17. Rac1 Ka8 18. Be3 g5 19. hxg5 hxg5 20. Nh2 Rh7 21.
Ng4 Rdh8 22. Nf6 Bxf6 23. Rxf6 Nxe5 24. dxe5 Qxe5 25. Qf2 Bh3 26. Qe2 Qxf6 27. Bxd5 Qd6 28. Qf3 Bc8 29. Rf1 g4 30. Qe4 0-1

[Event "Early-Titled-Tuesday-Blitz-February-20-2024"]
[Site "Chess.com"]
[Date "2024.02.20"]
[Round "10"]
[White "DeArron_Fox"]
[Black "Heinza9"]
[Result "1-0"]
[WhiteElo "2515"]
[BlackElo "2323"]
[TimeControl "180+1"]
[EndTime "9:56:11 PST"]
[Termination "DeArron_Fox won by resignation"]

1. d4 f5 2. g3 Nf6 3. Bg2 g6 4.
Nf3 Bg7 5. O-O O-O 6. c4 d6 7.
Nc3 Qe8 8. b3 c6 9. Bb2 e5 10.
dxe5 dxe5 11. c5 e4 12. Nd2 Na6 13. Na4 e3 14. Nc4 exf2+ 15. Rxf2 Ng4 16. Bxg7 Kxg7 17. Rf1 Kg8 18. Qd4 Be6 19. Nd6 Qe7 20. e4 fxe4 21. Qxe4 Rxf1+ 22. Rxf1 Re8 23. Nxe8 Nxc5 24. Nxc5 Qxc5+ 25. Kh1 1-0

[Event "Early-Titled-Tuesday-Blitz-February-20-2024"]
[Site "Chess.com"]
[Date "2024.02.20"]
[Round "10"]
[White "JSPrepz"]
[Black "Sina_Movahed"]
[Result "1-0"]
[WhiteElo "2873"]
[BlackElo "2950"]
[TimeControl "180+1"]
[EndTime "9:56:14 PST"]
[Termination "JSPrepz won by resignation"]

1. e4 c5 2. Nf3 d6 3. Nc3 Nf6 4. e5 dxe5 5. Nxe5 a6 6. g3 Qd6 7. Nc4 Qc6 8. Rg1 Bg4 9. Be2 Bxe2 10. Qxe2 Nbd7 11. a4 e6 12. d3 Be7 13. g4 O-O 14. g5 Nd5 15. Ne4 b5 16. Ne3 Ne5 17. Ng4 Nxg4 18. Qxg4 Kh8 19. Bd2 c4 20. h4 cxd3 21.
cxd3 Qc2 22. h5 Nb4 23. h6 Nxd3+ 24. Kf1 b4 25. hxg7+ Kxg7 26. Qe2 Ne5 27. g6 Qd3 28. gxh7+ Kh8 29. Qxd3 Nxd3 30. Ke2 Nxb2 31. Bh6 Nc4 32. Bg7+ Kxh7 33. Rg3 f5 34. Bf6 1-0

[Event "Early-Titled-Tuesday-Blitz-February-20-2024"]
[Site "Chess.com"]
[Date "2024.02.20"]
[Round "10"]
[White "Mesa_1"]
[Black "Casablanca"]
[Result "0-1"]
[WhiteElo "2572"]
[BlackElo "2626"]
[TimeControl "180+1"]
[EndTime "9:56:14 PST"]
[Termination "Casablanca won by resignation"]

1. e4 c5 2. Nf3 d6 3. d4 cxd4 4.
Nxd4 Nf6 5. Nc3 g6 6. Be3 Bg7 7. f3 O-O 8. Qd2 Nc6 9. O-O-O d5 10. exd5 Nxd5 11. Nxc6 bxc6 12. Bd4 Bxd4 13. Qxd4 Qb6 14. Na4 Qc7 15. Bc4 Rd8 16. Bb3 Bf5 17. Nc5 Nf4 18. Qf2 Rxd1+ 19. Rxd1 Rd8 20. Rxd8+ Qxd8 21. g3 Qd4 22.
Qxd4 Ne2+ 23. Kd2 Nxd4 24. Ke3 Nxc2+ 25. Bxc2 Bxc2 26. Nd7 Bb1 27. a4 Ba2 28. Kd4 f6 29.
b4 Bd5 30. f4 Kf7 31. Kc5 Bf3 32. a5 Ke8 33. Nb8 e5 34. fxe5 fxe5 35. a6 Kd8 36. Nxc6+ Bxc6 37. Kxc6 e4 38. b5 Kc8 39. b6 Kb8 0-1

[Event "Early-Titled-Tuesday-Blitz-February-20-2024"]
[Site "Chess.com"]
[Date "2024.02.20"]
[Round "10"]
[White "waspofborneo"]
[Black "HeroWilczek"]
[Result "0-1"]
[WhiteElo "2245"]
[BlackElo "2456"]
[TimeControl "180+1"]
[EndTime "9:56:16 PST"]
[Termination "HeroWilczek won by resignation"]

1. h3 d5 2. d4 c5 3. c3 Nf6 4. e3 Qc7 5. Nf3 g6 6. Bb5+ Bd7 7. a4 Bg7 8. O-O O-O 9. Nbd2 a6 10. Bxd7 Nbxd7 11. Nb3 Rac8 12. Re1 Rfe8 13. Nbd2 e5 14. dxe5 Nxe5 15. Nxe5 Qxe5 16. Nf3 Qc7 17. Rb1 h5 18. Qc2 Ne4 19. Nd2 Rcd8 20. Nf1 c4 21. Rd1 Nc5 22. Bd2 Qc6 23. Ra1 Nb3 24. Ra3 Bf8 25. Ra2 h4 26. Be1 a5 27. Nd2 Nc5 28. b4 Ne4 29. Nxe4 dxe4 30.
b5 Qe6 31. Qe2 Rd3 32. Rxd3 cxd3 33. Qd1 Qxa2 0-1

[Event "Early-Titled-Tuesday-Blitz-February-20-2024"]
[Site "Chess.com"]
[Date "2024.02.20"]
[Round "10"]
[White "FREDERICKtheMATE"]
[Black "tetrix83"]
[Result "0-1"]
[WhiteElo "2671"]
[BlackElo "2531"]
[TimeControl "180+1"]
[EndTime "9:56:17 PST"]
[Termination "tetrix83 won by resignation"]

1. d4 Nf6 2. c4 g6 3. Nf3 Bg7 4. Nc3 d6 5. e4 O-O 6. Be2 e5 7. O-O Na6 8. h3 exd4 9. Nxd4 Re8 10. f3 c6 11. Be3 d5 12. cxd5 Nxd5 13. Bf2 Nxc3 14.
bxc3 Qa5 15. Qb3 Nc5 16. Qb4 Qxb4 17. cxb4 Ne6 18. Rad1 Nxd4 19. Bxd4 a5 20. b5 Be6 21. bxc6 bxc6 22. a3 Bxd4+ 23. Rxd4 c5 24. Rd6 Rec8 25. f4 Bb3 26. Bb5 a4 27. e5 c4 28. Bc6 Ra6 29. Bb7 Rxd6 30. Bxc8 Rd8 31. Bg4 c3 32. Rc1 c2 33.
Kf2 Rd1 34. Bxd1 cxd1=Q 35. Rxd1 Bxd1 36. Ke3 Kf8 37. Kd4 Ke7 38. g4 Bf3 39. f5 g5 40.
Ke3 Bg2 41. h4 gxh4 42. Kf2 Be4 43. Kg1 Bf3 44. g5 Bg4 0-1

[Event "Early-Titled-Tuesday-Blitz-February-20-2024"]
[Site "Chess.com"]
[Date "2024.02.20"]
[Round "10"]
[White "OneTrickPony_82"]
[Black "Kotofeyca"]
[Result "1/2-1/2"]
[WhiteElo "2527"]
[BlackElo "2413"]
[TimeControl "180+1"]
[EndTime "9:56:23 PST"]
[Termination "Game drawn by repetition"]

1. d4 d5 2. c4 c6 3. Nf3 Nf6 4. cxd5 cxd5 5. Nc3 Nc6 6. Bf4 a6 7. Qb3 Na5 8. Qc2 b5 9. e3 e6 10. Bd3 Bb7 11. O-O Rc8 12. Qe2 Nc4 13. Rfc1 Bd6 14. Bg5 O-O 15. a4 Qb6 16. axb5 axb5 17. Bxf6 gxf6 18.
b3 Na5 19. Nxb5 Nxb3 20. Bxh7+ Kxh7 21. Ne5 Rxc1+ 22. Rxc1 Nxc1 23. Qh5+ Kg7 24. Qg4+ Kh7 25. Qh4+ Kg7 26. Qg4+ Kh7 27. Qh4+ Kg7 28. Qg4+ 1/2-1/2

[Event "Early-Titled-Tuesday-Blitz-February-20-2024"]
[Site "Chess.com"]
[Date "2024.02.20"]
[Round "10"]
[White "AlexeiShirov"]
[Black "Genghis_K"]
[Result "0-1"]
[WhiteElo "2841"]
[BlackElo "2938"]
[TimeControl "180+1"]
[EndTime "9:56:25 PST"]
[Termination "Genghis_K won by resignation"]

1. e4 c5 2. Nf3 d6 3. d4 cxd4 4. Nxd4 Nf6 5. Nc3 a6 6. h3 e6 7. g4 h6 8. Be3 b5 9. Bg2 Bb7 10.
a3 Nbd7 11. Qe2 Rc8 12. O-O Be7 13. f4 Rxc3 14. bxc3 Nxe4 15. f5 e5 16. Nf3 Ng3 17. Qf2 Nxf1 18. Rxf1 O-O 19. h4 Bxf3 20. Qxf3 Bxh4 21.
Qc6 Nc5 22. Rd1 Qc8 23. Rxd6 Na4 24. Qxc8 Rxc8 25. Rxa6 Rxc3 26. Bd5 Rxe3 27. Ra8+ Kh7 28. Bxf7 h5 29. g5 Rg3+ 30. Kf1 Rxg5 31. Bg6+ Rxg6 32.
fxg6+ Kxg6 33. Rb8 Nc3 34. Rc8 Nb1 0-1

[Event "Early-Titled-Tuesday-Blitz-February-20-2024"]
[Site "Chess.com"]
[Date "2024.02.20"]
[Round "10"]
[White "stratacticos"]
[Black "jodarmarlon1985"]
[Result "0-1"]
[WhiteElo "1983"]
[BlackElo "2183"]
[TimeControl "180+1"]
[EndTime "9:56:26 PST"]
[Termination "jodarmarlon1985 won by resignation"]

1. e4 e5 2. Nf3 Nc6 3. Bc4 Nf6 4. Ng5 d5 5. exd5 Na5 6. Bb5+ c6 7. dxc6 bxc6 8. Be2 h6 9. Nh3 Bd6 10. O-O O-O 11.
Kh1 c5 12. Ng1 c4 13. d3 cxd3 14. cxd3 Rb8 15. Nc3 Qc7 16. Be3 Be6 17. Ne4 Be7 18. Nxf6+ Bxf6 19. b3 Rfd8 20. Qc1 Nc6 21. Nf3 Qd7 22.
Nd2 Nb4 23. Ne4 Be7 24. Rd1 Rbc8 25. Qb2 Rc2 26. Qxe5 Rxe2 27. Qg3 Kh8 28. a3 Nc2 29. Ra2 Nxe3 30. fxe3 Rxa2 0-1

[Event "Early-Titled-Tuesday-Blitz-February-20-2024"]
[Site "Chess.com"]
[Date "2024.02.20"]
[Round "10"]
[White "TitarovVasiliYouTube"]
[Black "HanSchut"]
[Result "1-0"]
[WhiteElo "2514"]
[BlackElo "2297"]
[TimeControl "180+1"]
[EndTime "9:56:28 PST"]
[Termination "TitarovVasiliYouTube won by resignation"]

1. c4 Nf6 2. Nf3 g6 3. Nc3 d5 4. cxd5 Nxd5 5. g3 Bg7 6. Bg2 c5 7. O-O Nc7 8. d3 Nc6 9. Be3 b6 10. a3 Bd7 11. Rc1 Rc8 12. Nd2 O-O 13. Nc4 Ne6 14.
Qd2 Ncd4 15. Qd1 Bc6 16. Ne4 f5 17. Ng5 Bxg2 18. Kxg2 f4 19. Nxe6 Nxe6 20. Bd2 b5 21. Na5 Bxb2 22. Qb3 Bxc1 23. Qxe6+ Kh8 24. Rxc1 b4 25.
axb4 cxb4 26. Bxf4 Rxc1 27. Bxc1 Qxa5 28. Bb2+ Rf6 29.
Qxe7 Qd5+ 30. e4 1-0

[Event "Early-Titled-Tuesday-Blitz-February-20-2024"]
[Site "Chess.com"]
[Date "2024.02.20"]
[Round "10"]
[White "Rodalquilar"]
[Black "Vaathi_Coming"]
[Result "0-1"]
[WhiteElo "2767"]
[BlackElo "2912"]
[TimeControl "180+1"]
[EndTime "9:56:32 PST"]
[Termination "Vaathi_Coming won on time"]

1. d4 Nf6 2. Nf3 e6 3. Bf4 d5 4.
e3 Bd6 5. Nbd2 Bxf4 6. exf4 c5 7.
dxc5 Qc7 8. g3 Qxc5 9. Bd3 O-O 10. O-O Nc6 11. c3 b6 12. Re1 Bb7 13. Nb3 Qd6 14.
Nbd4 Nxd4 15. Nxd4 g6 16. a4 Nd7 17. Bc2 a6 18. h4 Nc5 19. h5 Ne4 20. hxg6 hxg6 21.
Qg4 Kg7 22. f3 f5 23. Qh3 Rh8 24. Qg2 e5 25. fxe5 Qxe5 26. fxe4 dxe4 27. Rad1 Rae8 28. b4 Ba8 29. Re3 a5 30. Ne2 axb4 31. cxb4 Rd8 32.
Qf1 g5 33. Rc3 e3 0-1

[Event "Early-Titled-Tuesday-Blitz-February-20-2024"]
[Site "Chess.com"]
[Date "2024.02.20"]
[Round "10"]
[White "PavelChernomordik"]
[Black "AmanteDeMoi"]
[Result "0-1"]
[WhiteElo "2448"]
[BlackElo "2589"]
[TimeControl "180+1"]
[EndTime "9:56:33 PST"]
[Termination "AmanteDeMoi won by resignation"]

1. e4 g6 2. h4 Bg7 3. h5 c6 4. d4 d5 5. e5 c5 6. c3 Nc6 7. h6 Bf8 8. Be3 Bf5 9. Bd3 Bxd3 10. Qxd3 e6 11. Nf3 Qb6 12. Qe2 Rc8 13. g4 cxd4 14. cxd4 Bxh6 15. Bxh6 Nxh6 16. Rxh6 Nxd4 17.
Nxd4 Rc1+ 18. Kd2 Qxb2+ 19. Ke3 Qxa1 20. Qb5+ Kf8 21. Nd2 Qc3+ 22. Qd3 Re1+ 23. Ne2 Qxe5+ 24. Kf3 Kg7 25. Rh3 Rc8 26. Qe3 Qxe3+ 27. fxe3 Rc2 28.
Kf2 Ra1 29. Nb3 Raxa2 30. Nd4 Rd2 31. Kf3 e5 32. Nc3 exd4 33. Nxa2 Rxa2 0-1

[Event "Early-Titled-Tuesday-Blitz-February-20-2024"]
[Site "Chess.com"]
[Date "2024.02.20"]
[Round "10"]
[White "Lennis93"]
[Black "ContrVersia"]
[Result "0-1"]
[WhiteElo "2695"]
[BlackElo "2840"]
[TimeControl "180+1"]
[EndTime "9:56:35 PST"]
[Termination "ContrVersia won by resignation"]

1. d4 Nf6 2. c4 g6 3. Nc3 Bg7 4. e4 d6 5. Nf3 O-O 6. h3 e5 7. d5 Na6 8. Bd3 Nh5 9. O-O Nf4 10. Bxf4 exf4 11. Qd2 Nc5 12. Bc2 Qf6 13. Nb5 Qxb2 14. Nxc7 Rb8 15. Nb5 Qf6 16. Nxa7 Bd7 17. Nb5 Rfe8 18.
Rae1 g5 19. Nfd4 Ra8 20. Bb1 h5 21. Qc2 g4 22. hxg4 hxg4 23. Nf5 Bxf5 24. exf5 g3 25. Nc7 Qh4 0-1

[Event "Early-Titled-Tuesday-Blitz-February-20-2024"]
[Site "Chess.com"]
[Date "2024.02.20"]
[Round "10"]
[White "ural58"]
[Black "ClaudiaSof"]
[Result "1-0"]
[WhiteElo "2501"]
[BlackElo "2330"]
[TimeControl "180+1"]
[EndTime "9:56:38 PST"]
[Termination "ural58 won by resignation"]

1. e4 c5 2. b3 Nc6 3. Bb2 d6 4. f4 Nf6 5. Qf3 e6 6. Nc3 Nd4 7. Qd3 Be7 8. Nf3 Nc6 9. O-O-O O-O 10. g4 a6 11. g5 Nd7 12. h4 b5 13. Bh3 Nb6 14.
f5 c4 15. Qe3 cxb3 16. axb3 exf5 17. exf5 d5 18. f6 gxf6 19. Bxc8 Rxc8 20. gxf6 Bxf6 21. Rdg1+ Kh8 22. Qh6 Rg8 23. Ng5 Rg7 24. Rf1 Bxg5 25. hxg5 d4 26. Ne4 Nb4 27. Nf6 Rxc2+ 28. Kb1 Rxb2+ 29. Kxb2 Nd3+ 30. Ka1 1-0

[Event "Early-Titled-Tuesday-Blitz-February-20-2024"]
[Site "Chess.com"]
[Date "2024.02.20"]
[Round "10"]
[White "DefiantChair"]
[Black "Chessdude1987"]
[Result "1-0"]
[WhiteElo "2585"]
[BlackElo "2346"]
[TimeControl "180+1"]
[EndTime "9:56:39 PST"]
[Termination "DefiantChair won on time"]

1. e4 e6 2. d4 d5 3. Nd2 c5 4.
exd5 Qxd5 5. Ngf3 cxd4 6. Bc4 Qd6 7. O-O Nf6 8. Nb3 Nc6 9. Nbxd4 Nxd4 10. Nxd4 Be7 11.
Re1 O-O 12. c3 Qc7 13. Bb3 Bd7 14. Qf3 a5 15. Bf4 Qb6 16. Be5 a4 17. Bc2 Qxb2 18. Rab1 Qxa2 19. Rxb7 Rfd8 20. Qg3 Qd5 21. Rbb1 a3 22. Be4 Qc4 23. Bxa8 Rxa8 24. Ra1 a2 25. h4 Bc6 26. Qg5 h6 27. Qg3 Bd5 28. Ne2 g6 29. Nf4 Ne4 30. Qe3 Bc5 31. Bd4 e5 32. Nxd5 exd4 33. Qxe4 Rd8 34. Nf6+ Kg7 35. Qe5 dxc3 36. Ne8+ 1-0

[Event "Early-Titled-Tuesday-Blitz-February-20-2024"]
[Site "Chess.com"]
[Date "2024.02.20"]
[Round "10"]
[White "aldebaran52"]
[Black "nicolasbatista3"]
[Result "0-1"]
[WhiteElo "2180"]
[BlackElo "2391"]
[TimeControl "180+1"]
[EndTime "9:56:48 PST"]
[Termination "nicolasbatista3 won by resignation"]

1. d4 d5 2. Nf3 Nf6 3. g3 e6 4.
Bg2 Be7 5. O-O O-O 6. c4 c6 7.
Qb3 b6 8. Nc3 Bb7 9. Ne5 Nbd7 10. Rd1 Rc8 11. e4 dxe4 12. Nxe4 Nxe4 13. Bxe4 Nxe5 14.
dxe5 Qc7 15. Qe3 Kh8 16. Qf4 c5 17. Bxb7 Qxb7 18. Be3 Kg8 19. h4 Rfd8 20. h5 Bf8 21. Qg4 Qc7 22. Bf4 Rxd1+ 23. Rxd1 Rd8 24. Rxd8 Qxd8 25. Bg5 Qd3 26. Bf6 Qc2 27. Qg5 h6 28. Qg4 Qxb2 29. a4 Qa1+ 30. Kg2 Qxa4 31. Bd8 Qd7 32.
Bh4 a5 33. Qe4 a4 34. g4 Qd2 35. g5 hxg5 36. Bg3 a3 0-1

[Event "Early-Titled-Tuesday-Blitz-February-20-2024"]
[Site "Chess.com"]
[Date "2024.02.20"]
[Round "10"]
[White "the-do0on"]
[Black "Chesstiger64"]
[Result "0-1"]
[WhiteElo "2067"]
[BlackElo "2317"]
[TimeControl "180+1"]
[EndTime "9:56:50 PST"]
[Termination "Chesstiger64 won by resignation"]

1. e4 d6 2. d4 Nd7 3. Nf3 c5 4. Bc4 e6 5. O-O cxd4 6. Nxd4 Ngf6 7. Nc3 a6 8. f4 b5 9. Bb3 Bb7 10. Re1 Nc5 11. e5 Nxb3 12. axb3 dxe5 13. fxe5 Bc5 14. Be3 Nd5 15. Nxd5 Qxd5 16. Qd2 Bxd4 17. Bxd4 Rd8 18.
Rad1 O-O 19. Qf2 Rd7 20. Rd2 Rfd8 21. Red1 Qe4 22. Bb6 Rxd2 23. Rxd2 Rxd2 24. Qxd2 Bd5 25. c4 bxc4 26. bxc4 Qxc4 27. Qd4 Qc1+ 28. Kf2 Qc2+ 29. Ke3 Qxg2 30. Qc5 Qe4+ 31. Kd2 Qg2+ 32. Ke3 Qg5+ 33. Kf2 Qf4+ 34. Ke2 Qxe5+ 35. Kf2 Qxh2+ 36. Ke1 Qe5+ 37. Kf2 Qxb2+ 38. Kg3 Qg2+ 39. Kf4 Qd2+ 40. Kg3 Qg5+ 41. Kf2 Qf4+ 42. Ke2 h6 43. Qc8+ Kh7 44. Qc2+ Qe4+ 45.
Qxe4+ Bxe4 46. Ke3 Bc6 0-1

[Event "Early-Titled-Tuesday-Blitz-February-20-2024"]
[Site "Chess.com"]
[Date "2024.02.20"]
[Round "10"]
[White "martinmena"]
[Black "whiteglovethief"]
[Result "0-1"]
[WhiteElo "2201"]
[BlackElo "2446"]
[TimeControl "180+1"]
[EndTime "9:56:53 PST"]
[Termination "whiteglovethief won on time"]

1. c4 e6 2. g3 d5 3. Bg2 Nc6 4. cxd5 exd5 5. Nf3 Nf6 6. O-O Be7 7. d4 O-O 8. Nc3 Bf5 9. a3 Ne4 10. Nh4 Nxc3 11.
bxc3 Be4 12. f3 Bg6 13. Nxg6 hxg6 14. e4 Na5 15. exd5 Qxd5 16. Qd3 Qc4 17. Qxc4 Nxc4 18.
Re1 Bd6 19. Bf1 Na5 20. c4 Nb3 21. Rb1 Nxd4 22. Kg2 b6 23. Rd1 Nc2 24. Rb3 Rfe8 25. Rc3 Ne1+ 26. Kf2 Bc5+ 27. Be3 Rxe3 28. Rxe3 Nc2 29.
Re1 Nxe1 30. Ke2 Bxe3 31. Kxe3 Re8+ 32. Kd2 Nxf3+ 0-1

[Event "Early-Titled-Tuesday-Blitz-February-20-2024"]
[Site "Chess.com"]
[Date "2024.02.20"]
[Round "10"]
[White "vi_pranav"]
[Black "tsaruk_maks"]
[Result "1-0"]
[WhiteElo "3025"]
[BlackElo "2747"]
[TimeControl "180+1"]
[EndTime "9:56:54 PST"]
[Termination "vi_pranav won by resignation"]

1. e4 d5 2. exd5 Qxd5 3. Nc3 Qa5 4. d4 Nf6 5. Nf3 c6 6. Bd2 Bf5 7. Bc4 Nbd7 8. Qe2 Qc7 9. O-O-O e6 10. Ne5 Nxe5 11. dxe5 Nd7 12. g4 Bg6 13. f4 O-O-O 14. Rhf1 h5 15. f5 Bh7 16. fxe6 Nxe5 17. Bf4 Rxd1+ 18. Rxd1 Nd3+ 19. Bxd3 Qxf4+ 20. Kb1 Qxg4 21. e7 Qxe2 22. exf8=Q+ Rxf8 23. Bxe2 h4 24. Rg1 Rg8 25.
Kc1 g5 26. Rf1 Bg6 27. Bd3 Bxd3 28. cxd3 Rg7 29. Ne4 Kd7 30. h3 Ke6 31. Rf6+ Ke5 32. Kd2 Kd4 33. Rf5 1-0

[Event "Early-Titled-Tuesday-Blitz-February-20-2024"]
[Site "Chess.com"]
[Date "2024.02.20"]
[Round "10"]
[White "Szparu"]
[Black "ImportedItalianMaple"]
[Result "1-0"]
[WhiteElo "2773"]
[BlackElo "2533"]
[TimeControl "180+1"]
[EndTime "9:56:54 PST"]
[Termination "Szparu won on time"]

1. e4 g6 2. d4 Bg7 3. Nf3 c6 4. Bd3 d5 5. e5 Bg4 6. Nbd2 e6 7.
h3 Bf5 8. Bxf5 exf5 9. O-O Nd7 10. Re1 Nf8 11. Nf1 Ne6 12. Ng3 Ne7 13. b3 O-O 14. h4 h5 15. c4 a5 16. Ba3 a4 17. Qd3 Re8 18. Bd6 f4 19. Ne2 Nf5 20.
c5 Nxh4 21. Nxh4 Qxh4 22. b4 Ng5 23. f3 Ne6 24. Rab1 g5 25. Kf1 g4 26. Ng1 Ng5 27.
Qf5 Ne6 28. Red1 Qg5 29. Qxg5 Nxg5 30. b5 a3 31. bxc6 bxc6 32. Rb6 Rec8 33. Kf2 Ra4 34. Ne2 Rc4 35. Rd3 Rc2 36. Rxa3 h4 37. Rc3 Rxa2 38.
fxg4 f3 39. gxf3 h3 40. Rb1 h2 41. Rh1 Nh3+ 42. Kg3 Rxe2 43. Kxh3 Ra8 44. Rxh2 Rxh2+ 45. Kxh2 Ra4 46. Rd3 f6 47. e6 f5 48. Kg3 Rxd4 49.
Rxd4 Bxd4 50. gxf5 Kg7 51. f4 Kf6 52. Be5+ Bxe5 53.
fxe5+ Ke7 54. Kf4 Kf8 55. Kg5 Ke7 56. Kg6 d4 57. f6+ Kxe6 58. f7 d3 59. f8=Q Kxe5 60. Qd6+ Ke4 61. Qxc6+ Ke3 62. Qd6 d2 63. c6 1-0

[Event "Early-Titled-Tuesday-Blitz-February-20-2024"]
[Site "Chess.com"]
[Date "2024.02.20"]
[Round "10"]
[White "carloseduar100"]
[Black "Natalya_Buksa"]
[Result "0-1"]
[WhiteElo "2364"]
[BlackElo "2601"]
[TimeControl "180+1"]
[EndTime "9:56:54 PST"]
[Termination "Natalya_Buksa won by checkmate"]

1. e4 c5 2. Nf3 Nc6 3. Nc3 e5 4. Bc4 Be7 5. d3 d6 6. a4 Nf6 7. h3 O-O 8. Nd5 Nxd5 9. Bxd5 Be6 10. Bxc6 bxc6 11. c4 Rb8 12. O-O h6 13. Nh2 f5 14. f4 fxe4 15. dxe4 Bxc4 16. Rf2 exf4 17. Bxf4 Bh4 18. g3 Be7 19. Qg4 Qc8 20. Qh5 Bf7 21. Qf3 Qxh3 22. Ng4 Bh5 23. Nxh6+ gxh6 24. Qd3 Qg4 25.
Raf1 Bf6 26. Kg2 Bd4 27. Bxd6 Rxf2+ 28. Rxf2 Bxf2 29. Bxb8 Bd4 30. Qb3+ Bf7 31. Qd3 Bg6 32. Qb3+ Kh8 33. Bf4 Bxe4+ 34. Kh2 Qh5# 0-1

[Event "Early-Titled-Tuesday-Blitz-February-20-2024"]
[Site "Chess.com"]
[Date "2024.02.20"]
[Round "10"]
[White "Chessmissile07"]
[Black "ansko1999"]
[Result "1-0"]
[WhiteElo "2883"]
[BlackElo "2698"]
[TimeControl "180+1"]
[EndTime "9:56:58 PST"]
[Termination "Chessmissile07 won by resignation"]

1. a3 g6 2. c4 Bg7 3. Nf3 c5 4. e3 Nf6 5. Nc3 O-O 6. d4 cxd4 7. Nxd4 d5 8. Be2 dxc4 9. Bxc4 a6 10. Be2 b5 11. Bf3 Ra7 12. O-O Rd7 13. Qe2 Bb7 14. Bxb7 Rxb7 15. Nb3 Nbd7 16. Rd1 Qc7 17. Bd2 Ne5 18.
Na2 Nc4 19. Bc3 Rd8 20. Nb4 Rxd1+ 21. Rxd1 a5 22. Na6 Qc8 23. Nxa5 Nxa5 24. Bxa5 Ra7 25. Rd8+ Qxd8 26. Bxd8 Rxa6 27. Bxe7 Rc6 28. g3 Nd5 29. Bb4 Nxb4 30. axb4 Rc4 31. Qd2 Bf8 32. Qd5 Rxb4 33. b3 1-0

[Event "Early-Titled-Tuesday-Blitz-February-20-2024"]
[Site "Chess.com"]
[Date "2024.02.20"]
[Round "10"]
[White "Navyblue1"]
[Black "NovozhilovSemen"]
[Result "0-1"]
[WhiteElo "2178"]
[BlackElo "2632"]
[TimeControl "180+1"]
[EndTime "9:56:58 PST"]
[Termination "NovozhilovSemen won by resignation"]

1. d4 Nf6 2. c4 e6 3. Nf3 c5 4.
d5 exd5 5. cxd5 d6 6. Nc3 g6 7. e4 Bg7 8. Bd3 Bg4 9. h3 Bxf3 10.
Qxf3 O-O 11. O-O Nbd7 12. Bf4 Ne8 13. Qg3 Ne5 14. Kh1 a6 15. a4 Qb6 16. Rab1 Nxd3 17.
Qxd3 Nf6 18. Qc4 Nd7 19. b4 Rfc8 20. b5 a5 21. Nd1 Qc7 22. Nb2 Nb6 23. Qb3 c4 24.
Qg3 Rd8 25. Rfc1 c3 26. Rc2 Rac8 27. Nd1 Qc4 28. Rbc1 Nxa4 29. Bxd6 Qxe4 30. Bc7 Rxd5 31. b6 Rxd1+ 32. Rxd1 Qxc2 33. Qd6 h5 34. Qd7 Nxb6 35. Bxb6 Qxd1+ 36. Qxd1 c2 37. Qc1 Bb2 38. Qxb2 c1=Q+ 39. Qxc1 Rxc1+ 40. Kh2 a4 41. Be3 Rc2 42. Bd4 a3 43. Kg3 a2 44. Kf4 Rc1 45. Ke4 a1=Q 46. Bxa1 Rxa1 47. Kd4 Ra2 48. Kc5 Rxf2 49. Kb6 Rxg2 50.
Kxb7 Rh2 51. Kc6 Rxh3 52. Kd5 Rg3 53. Ke4 Rg4+ 54. Kf3 f5 55. Kf2 Kg7 56. Kf3 h4 57. Kf2 h3 58. Kf1 h2 59. Kf2 h1=Q 60. Ke3 Qe4+ 61. Kd2 Rg2+ 62. Kc3 Rc2+ 0-1